 Dungeon Crawl Stone Soup version 0.27-a0-604-g29a88b33a7 (webtiles) character file.

Game seed: 15221756636873154652

7 robertstho the Conjurer (level 1, -3/7 HPs)
             Began as a Felid Conjurer on Mar 12, 2021.
             Slain by a hobgoblin (4 damage)
             ... on level 1 of the Dungeon.
             The game lasted 00:00:36 (251 turns).

robertstho the Conjurer (Felid Conjurer)             Turns: 251, Time: 00:00:37

Health: -3/7       AC:  1    Str:  3    XL:     1   Next: 91%
Magic:  0/4        EV: 17    Int: 19    God:
Gold:   42         SH:  0    Dex: 14    Spells: 3/4 levels left
                                        Lives:  0   Deaths: 0

rFire    . . .     SeeInvis +   (weapon unavailable)
rCold    . . .     Faith    .   (shield unavailable)
rNeg     . . .     Spirit   .   (armour unavailable)
rPois    .         Reflect  .   (helmet unavailable)
rElec    .         Harm     .   (cloak unavailable)
rCorr    .         Rampage  .   (gloves unavailable)
Will     .....                  (boots unavailable)
Stlth    +++.......             (no amulet)
HPRegen  0.02/turn              (no ring)
MPRegen  0.09/turn              (no ring)

@: quick
A: very small, claws 1, fangs 3, see invisible, speed 1, shaggy fur 1, stealthy
paws, no weapons or thrown items, no armour, multi-lived
a: no special abilities


You were on level 1 of the Dungeon.
You visited 1 branch of the dungeon, and saw 1 of its levels.

You collected 42 gold pieces.

Inventory:

Scrolls
 a - a scroll of immolation {unknown}
 b - a scroll of identify {unknown}
 d - a scroll of teleportation {unknown}
Potions
 c - a potion of ambrosia {unknown}


   Skills:
 + Level 2.8 Dodging
 + Level 2.8 Stealth
 + Level 2.2 Spellcasting
 + Level 3.7 Conjurations


You had 3 spell levels left.
You knew the following spells:

 Your Spells              Type           Power      Damage    Failure   Level
a - Magic Dart            Conj           64%        1d6       3%          1

Your spell library contained the following spells:

 Spells                   Type           Power      Damage    Failure   Level
 Searing Ray              Conj           32%        3d4       5%          2
 Dazzling Flash           Conj/Hex       18%        N/A       22%         3
 Fulminant Prism          Conj/Hex       4%         3d6       58%         4
 Iskenderun's Mystic Bla  Conj/Tloc      9%         2d4       58%         4


Dungeon Overview and Level Annotations

Branches:
Dungeon (1/15)

Altars:


Innate Abilities, Weirdness & Mutations

You have sharp claws.
You have razor-sharp teeth.
You have supernaturally acute eyesight. (SInv)
You cover ground quickly. (Speed+)
You are covered in fur. (AC +1)
Your stealthy paws help you sneak and pounce on unaware monsters.
You are incapable of wielding weapons or throwing items.
You cannot wear armour.
You gain extra lives every three experience levels.


Message History

The magic dart hits the jackal.
The jackal is almost dead.
The jackal closely misses you. The jackal misses you.
Aiming: Magic Dart (safe; 3% risk of failure)
Press: ? - help, Q - select action Shift-Dir - straight line, f/p - jackal
Aim: a jackal (almost dead, 0% to evade)
The magic dart hits the jackal but does no damage.
The jackal is almost dead.
The jackal bites you.
Aiming: Magic Dart (safe; 3% risk of failure)
Press: ? - help, Q - select action Shift-Dir - straight line, f/p - jackal
Aim: a jackal (almost dead, 0% to evade)
The magic dart hits the jackal.
You kill the jackal!
Unknown command.
Aiming: Magic Dart (safe; 3% risk of failure)
Press: ? - help, Q - select action Shift-Dir - straight line, f - jackal
Aim: a jackal (0% to evade)
The magic dart hits the jackal.
The jackal is heavily wounded.
The jackal bites you.
* * * LOW HITPOINT WARNING * * *
The jackal closely misses you.
You completely miss the jackal.
The jackal is heavily wounded.
The jackal misses you.
You scratch the jackal.
The jackal is severely wounded.
The jackal closely misses you. The jackal misses you.
You scratch the jackal.
You kill the jackal!
You scratch the hobgoblin but do no damage.
You bite the hobgoblin, but do no damage.
The hobgoblin barely misses you.
You barely miss the hobgoblin. The hobgoblin closely misses you.
You barely miss the hobgoblin.
You bite the hobgoblin, but do no damage.
The hobgoblin hits you.
Ouch! That really hurt!
You die...

#.###.....#...# #.#
###.#.(.# ...........#.#
#.# .##..##.##
####(...#.##.###.##......
+# #.#.##..........# .##
##.#.##########.## ..##
#.....# #.## ##...#
#.†...# #..###.g..#
#.....# ####†#.#.#.#.#
#.....# #.@g.....#g#
#.....# #.##.#####.#
###..## #. #.# .# #..# ..
#.# .# #..# .## ..# .#
#... ?. ..# .# ## #..#
.#..


You could see a hobgoblin.

Vanquished Creatures
  A hobgoblin (D:1)
  2 jackals (D:1)
  A kobold (D:1)
  A bat (D:1)
  2 frilled lizards (D:1)
7 creatures vanquished.

Notes
Turn   | Place    | Note
-------+----------+-------------------------------------------
     0 | D:1      | robertstho the Felid Conjurer began the quest for the Orb.
     0 | D:1      | Reached XP level 1. HP: 7/7 MP: 4/4
   251 | D:1      | Slain by a hobgoblin

Illustrated notes

Levels and vault maps discovered:
D:1:      minmay_arrival_shattered_statue, layout_loops_ring

Action                   || total
-------------------------++-------
Melee: Unarmed           ||    15
       Bite              ||     2
 Cast: Magic Dart        ||     7
 Stab: Sleeping          ||     1
Armor: Skin              ||     1
Dodge: Dodged            ||    20

Table legend: (Time is in decaauts)
 A = Elapsed time spent in this place.
 B = Non-inter-level travel time spent in this place.
 C = Inter-level travel time spent in this place.
 D = Time resting spent in this place.
 E = Time spent auto-exploring this place.
 F = Levels seen in this place.
 G = Mean time per level.
                   A        B        C        D        E       F      G
               +--------+--------+--------+--------+--------+-----+--------+
         Total |    213 |    213 |      0 |      0 |    162 |   1 |  213.0 |
       Dungeon |    213 |    213 |      0 |      0 |    162 |   1 |  213.0 |
               +--------+--------+--------+--------+--------+-----+--------+

Top non-repeatable levels by time:
     D:1: 213 daAuts
